 Dungeon Crawl Stone Soup version 0.28.0-47-ge53b351184 (webtiles) character file.

Game seed: 4082684433564000512

78 pkoi the Insei (level 3, 0/29 HPs)
             Began as a Demigod Gladiator on Apr 26, 2022.
             Slain by a ball python (1 damage)
             ... on level 4 of the Dungeon.
             The game lasted 00:02:51 (2505 turns).

pkoi the Insei (Demigod Gladiator)                  Turns: 2505, Time: 00:02:52

Health: 0/29       AC: 14    Str: 18    XL:     3   Next: 94%
Magic:  5/5        EV:  2    Int: 14    God:
Gold:   28         SH:  0    Dex: 15    Spells: 2/2 levels left

rFire   . . .      SeeInvis .     - Unarmed
rCold   . . .      Faith    .   (no shield)
rNeg    . . .      Spirit   .   g - +0 plate armour
rPois   .          Reflect  .   b - +0 helmet
rElec   .          Harm     .   (no cloak)
rCorr   .          Rampage  .   i - +2 pair of gloves {Str+3}
Will    .....                   (no boots)
Stlth   ..........              (no amulet)
HPRegen 0.09/turn               (no ring)
MPRegen 0.09/turn               (no ring)

@: constricted
A: high MP 1, forlorn, divine attributes
a: no special abilities


You were on level 4 of the Dungeon.
You visited 1 branch of the dungeon, and saw 4 of its levels.

You collected 28 gold pieces.

Inventory:

Hand Weapons
 e - a +0 vorpal short sword
Missiles
 c - 3 throwing nets (quivered)
Armour
 a - a +0 leather armour
 b - a +0 helmet (worn)
 g - a +0 plate armour (worn)
 h - a +0 chain mail
 i - a +2 pair of gloves of strength (worn)
Scrolls
 j - 4 scrolls of identify
 k - a scroll of enchant armour {unknown}
Potions
 d - a potion of heal wounds
 f - a potion of might
 l - a potion of curing {unknown}
 m - a potion of attraction {unknown}


   Skills:
 - Level 1.7 Fighting
 - Level 1.7 Throwing
 - Level 2.6 Dodging
 + Level 4.6 Unarmed Combat


You had 2 spell levels left.
You didn't know any spells.
Your spell library was empty.

Dungeon Overview and Level Annotations

Branches:
Dungeon (4/15)
 Temple: D:4-7

Annotations:
D:4 Ijyb


Innate Abilities, Weirdness & Mutations

You have an increased reservoir of magic. (+10% MP)
You shall have no god before yourself.
Your divine heritage dramatically boosts your attributes as you level up.


Message History

* * * LOW HITPOINT WARNING * * *
Unknown command.
You hit Ijyb but do no damage.
Ijyb is severely wounded.
The ball python bites you but does no damage.
The ball python constricts you. Ijyb hits you but does no damage.
The endoplasm hits you but does no damage.
Unknown command.
You barely miss Ijyb. You punch Ijyb.
Ijyb is almost dead.
The ball python bites you but does no damage.
The ball python constricts you.
Unknown command.
You hit Ijyb but do no damage.
Ijyb is almost dead.
The ball python bites you but does no damage.
The ball python constricts you.
* * * LOW HITPOINT WARNING * * *
The endoplasm freezes you.
You are frozen.
* * * LOW HITPOINT WARNING * * *
Ijyb hits you with a +0 club.
* * * LOW HITPOINT WARNING * * *
Unknown command.
You closely miss Ijyb.
Ijyb is almost dead.
The ball python barely misses you. The ball python constricts you.
* * * LOW HITPOINT WARNING * * *
The endoplasm hits you but does no damage.
Ijyb hits you but does no damage. The ball python bites you.
* * * LOW HITPOINT WARNING * * *
The ball python constricts you.
You hit Ijyb but do no damage.
Ijyb is almost dead.
The endoplasm freezes you.
You are frozen.
* * * LOW HITPOINT WARNING * * *
Ijyb screams, "Level is mine!
All mine!"
Ijyb barely misses you. The ball python bites you.
You die...

.#...........
#............
.# .#..........
#..#...........
............=..
#>.......... .
#...g.J.#....
#..S@.......
#.....#####>.
#..##.## ..# ##
.


You could see Ijyb, an endoplasm and a ball python.

Vanquished Creatures
  5 adders
  A worm (D:2)
  6 bats
  3 endoplasms
  2 giant cockroaches
  2 hobgoblins
  2 kobolds
  2 quokkas
  4 ball pythons
  2 frilled lizards
  2 goblins
31 creatures vanquished.

Notes
Turn   | Place    | Note
-------+----------+-------------------------------------------
     0 | D:1      | pkoi the Demigod Gladiator began the quest for the Orb.
     0 | D:1      | Reached XP level 1. HP: 17/17 MP: 3/3
   153 | D:1      | Reached skill level 3 in Unarmed Combat
   334 | D:1      | You fall into a shaft and drop 1 floor!
   382 | D:3      | Reached XP level 2. HP: 12/24 MP: 4/4
  1231 | D:2      | Reached XP level 3. HP: 16/29 MP: 5/5
  1244 | D:2      | Reached skill level 4 in Unarmed Combat
  2479 | D:3      | Noticed Ijyb
  2505 | D:4      | HP: 1/29 [frozen (4)]
  2505 | D:4      | Slain by a ball python

Illustrated notes

Levels and vault maps discovered:
D:1:      dpeg_arrival_windows_large_door, layout_loops_cross,
          chequers_serial_rivers_micro_e
D:2:      layout_rooms, hellmonk_ecumenical_altar_inner_sanctum,
          minmay_misc_feat_pillars, minmay_misc_feat_cross
D:3:      kennysheep_goblin_castle, layout_loops_corners,
          mainiacjoe_overflow_cross_hatched, minmay_puff, uniq_ijyb
D:4:      layout_cave_pods, minmay_misc_feat_diagonals

Skill      XL: |  1  2  3 |
---------------+----------+-----
Unarmed Combat | 3 4 |  4.6
Fighting       | |  1.7
Throwing       | |  1.7
Dodging        | |  2.6

Action                   || total
-------------------------++-------
Melee: Unarmed           ||   170
       Punch             ||     9
  Use: Scroll            ||     7
       Potion            ||     1
Armor: Leather armour    ||    24
       Chain mail        ||    33
       Plate armour      ||    45
Dodge: Dodged            ||    90
